 Dungeon Crawl Stone Soup version 0.18-b1-10-g3f7de93 (webtiles) character file.

126 Zhenya25pyc the Covered (level 5, -2/33 HPs)
             Began as a Gargoyle Fighter on Apr 29, 2016.
             Slain by a river rat (4 damage)
             ... in a sewer.
             The game lasted 00:03:50 (1788 turns).

Zhenya25pyc the Covered (Gargoyle Fighter)          Turns: 1788, Time: 00:03:50

Health: -2/33      AC: 15    Str: 21    XL:     5   Next: 10%
Magic:  5/5        EV:  5    Int:  8    God:
Gold:   180        SH:  9    Dex:  9    Spells: 0 memorised, 4 levels left

rFire  x . .     SeeInvis .     a - +0 flail
rCold  + . .     Gourm    .     u - +0 chain mail
rNeg   + . .     Faith    .     c - +0 shield
rPois  ∞         Spirit   .     (no helmet)
rElec  +         Dismiss  .     (no cloak)
rCorr  .         Reflect  .     t - +0 pair of gloves
SustAt .         Harm     .     j - +0 pair of boots
MR     .....                    (no amulet)
Stlth  ..........               x - ring of ice
                                g - ring of poison resistance

@: not resistant to hostile enchantments, extremely unstealthy
A: negative energy resistance 1, electricity resistance, unbreathing,
petrification resistance, rot immunity, AC +4
a: no special abilities


You were in a sewer.
You were not hungry.

You visited 1 branch of the dungeon, and saw 3 of its levels.
You also visited: Sewer.

You collected 180 gold pieces.

Inventory:

Hand Weapons
 a - a +0 flail (weapon)
Armour
 b - a +0 scale mail
 c - a +0 shield (worn)
 j - a +0 pair of boots (worn)
 t - a +0 pair of gloves (worn)
 u - a +0 chain mail (worn)
Jewellery
 g - a ring of poison resistance (left hand)
 x - a ring of ice (right hand)
Scrolls
 e - 3 scrolls of remove curse {unknown}
 h - a scroll of amnesia {unknown}
 l - 3 scrolls of identify {unknown}
 m - 2 scrolls of immolation {unknown}
 q - 2 scrolls of noise {unknown}
 r - a scroll of teleportation {unknown}
Potions
 d - a potion of might
 i - 2 potions of haste {unknown}
 o - 3 potions of curing {unknown}
 s - a potion of lignification {unknown}
 v - 2 potions of cancellation {unknown}
Comestibles
 f - a bread ration
 k - a beef jerky
 n - 2 fruits
 p - 2 meat rations
 w - a chunk of flesh


   Skills:
 + Level 4.0 Fighting
 * Level 3.6 Maces & Flails
 + Level 4.1 Armour
 + Level 3.8 Shields


You had 4 spell levels left.
You didn't know any spells.

Dungeon Overview and Level Annotations

Branches:
Dungeon (3/15)

Altars:
Elyvilon
Kikubaaqudgha


Innate Abilities, Weirdness & Mutations

You are resistant to torment.
Your stone body is resilient (AC +4).
You are immune to poison.
You resist negative energy.
You are resistant to electric shocks.
You can survive without breathing.
You are immune to petrification.
You are immune to rotting.


Message History

You block the river rat's attack. The river rat barely misses you.
You barely miss the river rat.
The river rat bites you but does no damage. x2
You block the river rat's attack. The river rat bites you.
* * * LOW HITPOINT WARNING * * *
You are too injured to fight recklessly!
You are too injured to fight recklessly!
You are too injured to fight recklessly!
The river rat bites you.
* * * LOW HITPOINT WARNING * * *
Why would you want to do that?
Your unstable footing causes you to fumble your attack.
The river rat bites you but does no damage.
You block the river rat's attack. The river rat bites you.
* * * LOW HITPOINT WARNING * * *
You sock the river rat!
The river rat is heavily wounded.
The river rat bites you.
You die...

#........##..†....
##......######.....
#......## ##....
#...≈.≈# #....
#≈≈≈≈≈≈# #≈≈≈≈
#≈≈≈≈≈≈# #≈≈≈≈
#≈≈≈≈≈≈# #≈≈≈≈
#≈≈≈≈≈≈# #≈≈≈≈
#≈@r≈≈≈# #≈≈≈≈
#r≈r≈≈≈# #≈≈≈≈
#r≈≈≈≈≈# #≈≈≈≈
#≈r≈≈≈≈# #≈≈≈≈
#≈r≈≈≈≈# #≈≈≈≈
#≈≈≈≈≈≈# #≈≈≈≈
#≈r≈r≈≈# #≈≈≈≈
#≈≈≈≈≈≈# #≈≈≈≈
#≈≈≈≈≈≈# #≈≈≈≈


You could see 3 river rats and 5 rats.

Vanquished Creatures
  4 adders
  An ooze (D:2)
  3 worms (D:3)
  3 dart slugs (D:1)
  4 giant geckos
  4 bat skeletons (D:2)
  A bat zombie (D:2)
  A giant cockroach (D:2)
  7 goblins
  5 hobgoblins
  5 jackals
  9 kobolds
  6 bats
  3 giant newts
  11 rats
67 creatures vanquished.

Notes
Turn   | Place    | Note
--------------------------------------------------------------
     0 | D:1      | Zhenya25pyc the Gargoyle Fighter began the quest for the Orb.
     0 | D:1      | Reached XP level 1. HP: 14/14 MP: 1/1
   141 | D:1      | Reached XP level 2. HP: 15/19 MP: 2/2
   389 | D:1      | Reached XP level 3. HP: 23/23 MP: 3/3
   887 | D:2      | Found a white marble altar of Elyvilon.
  1102 | D:2      | Reached XP level 4. HP: 28/29 MP: 4/4
  1247 | D:2      | Found an ancient bone altar of Kikubaaqudgha.
  1588 | D:3      | Found a glowing drain.
  1596 | Sewer    | Entered a sewer
  1659 | Sewer    | Reached XP level 5. HP: 27/33 MP: 5/5
  1788 | Sewer    | Slain by a river rat

Skill      XL: |  1  2  3  4 |
---------------+-------------+-----
Maces & Flails | 3 |  3.6
Armour         | 4 |  4.1
Fighting       | 4 |  4.0
Shields        | |  3.8

Action                   |  1- 3 |  4- 6 || total
-------------------------+-------+-------++-------
Melee: Flail             |   179 |   150 ||   329
  Eat: Chunk             |     1 |     3 ||     4
Armor: Scale mail        |    98 |    76 ||   174
       Chain mail        |       |   104 ||   104
Dodge: Dodged            |    60 |    63 ||   123
Block: Shield            |    98 |   128 ||   226
